 Dungeon Crawl Stone Soup version 0.13.1-17-g0f9d4ff (webtiles) character file.

296 Kae the Chiller (level 4, -7/33 HPs)
             Began as a Draconian Ice Elementalist on Dec 18, 2013.
             Mangled by an ogre
             ... wielding a +0,+0 giant club
              (15 damage)
             ... on Level 3 of the Dungeon.
             The game lasted 00:05:23 (2717 turns).

Kae the Chiller (Draconian Ice Elementalist)        Turns: 2717, Time: 00:05:23

HP  -7/33        AC  5     Str 11      XL: 4   Next: 93%
MP   0/8         EV 12     Int 16      God:
Gold 163         SH  0     Dex 11      Spells:  2 memorised,  5 levels left

Res.Fire  : . . .   See Invis. : .   h - +0,-2 dwarf mace (curse)
Res.Cold  : . . .   Warding    : .   (armour unavailable)
Life Prot.: . . .   Conserve   : .   (no shield)
Res.Poison: .       Res.Corr.  : .   (helmet restricted)
Res.Elec. : .       Clarity    : .   (no cloak)
Sust.Abil.: . .     Spirit.Shd : +   (no gloves)
Res.Mut.  : .       Stasis     : .   (no boots)
Res.Rott. : .       Flight     : .   n - amulet of guardian spirit
Saprovore : . . .                    (no ring)
                                     w - cursed ring of wizardry

@: slightly resistant to hostile enchantments, unstealthy
A: unfitting armour, AC +5
a: no special abilities


You were on level 3 of the Dungeon.
You were hungry.

You visited 1 branch of the dungeon, and saw 3 of its levels.

You collected 143 gold pieces.

Inventory:

Hand weapons
 h - a cursed +0,-2 dwarven mace (weapon)
Missiles
 j - 6 darts (quivered)
Comestibles
 c - 2 bread rations
 f - an apple
 s - 2 meat rations
Scrolls
 a - a scroll of magic mapping {unknown}
 d - a scroll of enchant weapon II {unknown}
 l - a scroll of recharging {unknown}
 m - a scroll of fog {unknown}
 o - 4 scrolls of identify {unknown}
 p - a scroll of curse armour {unknown}
 q - a scroll of curse jewellery {unknown}
 t - a scroll of random uselessness {unknown}
 u - 2 scrolls of remove curse {unknown}
 v - a scroll of teleportation {unknown}
Jewellery
 n - an amulet of guardian spirit (around neck)
 w - a cursed ring of wizardry (left hand)
Potions
 e - a potion of speed {unknown}
 g - a potion of restore abilities {unknown}
 i - 3 potions of agility {unknown}
 k - 6 potions of curing {unknown}
 r - a potion of might {unknown}
Books
 b - a book of Frost

   Spells                             Type                      Level
   *Freeze                            Ice                          1
   *Throw Frost                       Conjuration/Ice              2
   Ozocubu's Armour                   Charms/Ice                   3
   Throw Icicle                       Conjuration/Ice              4
   Summon Ice Beast                   Ice/Summoning                4
   Condensation Shield                Ice                          4


   Skills:
 - Level 1.7 Dodging
 - Level 1.7 Stealth
 + Level 2.5 Spellcasting
 - Level 1.0 Conjurations
 * Level 5.0 Ice Magic


You had 5 spell levels left.
You knew the following spells:

 Your Spells              Type           Power        Failure   Level  Hunger
a - Freeze                Ice            ###.         1%          1    #......
b - Throw Frost           Conj/Ice       ##....       3%          2    ##.....


Dungeon Overview and Level Annotations

Branches:
Dungeon (3/27)

Altars:
Ashenzari


Message History

The ogre barely misses you.
Casting: Throw Frost
Confirm with . or Enter, or press ? or * to list all spells.
You can't see any susceptible monsters within range! (Use Z to cast anyway.)
Casting: Throw Frost
Confirm with . or Enter, or press ? or * to list all spells.
Aiming: Throw Frost
Press: ? - help, Shift-Dir - straight line, f/p - ogre
Aim: an ogre, wielding a giant club (severely wounded)
The puff of frost hits the ogre.
The ogre is severely wounded.
Casting: Throw Frost
Confirm with . or Enter, or press ? or * to list all spells.
Aiming: Throw Frost
Press: ? - help, Shift-Dir - straight line, f/p - ogre
Aim: an ogre, wielding a giant club (severely wounded)
The puff of frost hits the ogre.
The ogre is almost dead.
The ogre hits you with a giant club!
You die...

.. ... ###.###.# .. . .
#....##.##.# #...#
#..........# #...#
#..........###. #...#
#............... #...#
#..........###.##
####...####)##...........
#........O@..............
#...<.....#.##<.....###.#
#.........#.##......# .#
####.#.####.###########.###
#....(.........%.........
#......##.###############
#......##.# #.....[##.#
#......##.#


You could see an ogre.

Vanquished Creatures
  Jessica (D:2)
  5 adders (D:2)
  3 worms (D:2)
  2 oozes (D:1)
  6 bats
  2 giant cockroaches
  6 hobgoblins
  A quokka (D:2)
  2 ball pythons
  2 giant newts
  14 goblins
  7 kobolds
  4 rats
55 creatures vanquished.

Notes
Turn   | Place    | Note
--------------------------------------------------------------
     0 | D:1      | Kae, the Draconian Ice Elementalist, began the quest for the Orb.
     0 | D:1      | Reached XP level 1. HP: 14/14 MP: 3/3
    81 | D:1      | Found a shattered altar of Ashenzari.
   285 | D:1      | Reached XP level 2. HP: 10/20 MP: 0/4
   325 | D:1      | Learned a level 2 spell: Throw Frost
  1116 | D:2      | Reached XP level 3. HP: 15/26 MP: 1/6
  1405 | D:2      | Reached skill level 4 in Ice Magic
  2012 | D:2      | Reached XP level 4. HP: 22/33 MP: 4/8
  2230 | D:2      | Noticed Jessica
  2394 | D:2      | Killed Jessica
  2487 | D:2      | Reached skill level 5 in Ice Magic
  2651 | D:3      | Noticed an ogre
  2717 | D:3      | Mangled by an ogre

Action                   |  1- 3 |  4- 6 || total
-------------------------+-------+-------++-------
Melee: Unarmed           |    19 |       ||    19
       Mace              |    68 |    37 ||   105
 Cast: Freeze            |    57 |    25 ||    82
       Throw Frost       |     1 |     6 ||     7
  Use: Potion            |     1 |       ||     1
 Stab: Sleeping          |     3 |       ||     3
